BSA
KALAMAZOO ROYALE WITH CHEESE @ GREENVILLE 84S
09/22/2026
 
TOP OF THE 1ST
Kalamazoo Royale with Cheese batting - Pitching for Greenville 84s : RHP Hiroshige Yamada
Pitching: RHP Hiroshige Yamada
Batting: RHB Fernando Martínez 0-0: DOUBLE (Line Drive, 7LS)
Batting: LHB Robinson Fernández 0-0: Called Strike
0-1: Ball
1-1: Called Strike
1-2: Ball
2-2: Ball
3-2: Base on Balls
Batting: LHB William Ruffo 0-0: Called Strike
0-1: Foul Ball, location: 2F
0-2: Ball
1-2: Grounds into double play, U4-3 (Groundball, 4)
Fernando Martínez to third
Batting: LHB Seung-woo Yi 0-0: Ball
1-0: Ball
2-0: Called Strike
2-1: Ball
3-1: Foul Ball, location: 2F
3-2: Base on Balls
Batting: RHB Run-ming Zhu 0-0: Ball
1-0: Ball
2-0: Foul Ball, location: 2F
2-1: Ball
3-1: Fly out, F8 (Popup, 4MD)
Top of the 1st over - 0 run(s), 1 hit(s), 0 error(s), 2 left on base; Kalamazoo 0 - Greenville 0
BOTTOM OF THE 1ST
Greenville 84s batting - Pitching for Kalamazoo Royale with Cheese : RHP Eric Richards
Pitching: RHP Eric Richards
Batting: RHB Carlos Torres 0-0: Ball
1-0: Ball
2-0: Fly out, F4 (Line Drive, 4M)
Batting: LHB Chris Moore 0-0: Ball
1-0: Ball
2-0: Ball
3-0: Base on Balls
Batting: RHB Enzo Díaz 0-0: Ball
1-0: Fly out, F9 (Line Drive, 89S)
Batting: LHB Jimmy Vickers 0-0: Ball
1-0: Foul Ball, location: 2F
1-1: Foul Ball, location: 2F
1-2: DOUBLE (Line Drive, 9LD)
Chris Moore to third
Runner from 3rd tries for Home, SAFE, throw made at trailing runner, SAFE at third!
Batting: LHB Paco Rosas 0-0: Called Strike
0-1: Ball
1-1: Ground out 4-3 (Groundball, 4)
Bottom of the 1st over - 1 run(s), 1 hit(s), 0 error(s), 1 left on base; Kalamazoo 0 - Greenville 1
TOP OF THE 2ND
Kalamazoo Royale with Cheese batting - Pitching for Greenville 84s : RHP Hiroshige Yamada
Batting: RHB Miguel Encarnación 0-0: Swinging Strike
0-1: Ball
1-1: Ball
2-1: Foul Ball, location: 2F
2-2: Strikes out looking
Batting: RHB Arturo Rodríguez 0-0: Called Strike
0-1: Ball
1-1: Ball
2-1: Ground out 6-3 (Groundball, 6)
Batting: RHB Jorge Márquez 0-0: Called Strike
0-1: Foul Ball, location: 2F
0-2: Ball
1-2: Ground out 5-3 (Groundball, 56S)
Top of the 2nd over - 0 run(s), 0 hit(s), 0 error(s), 0 left on base; Kalamazoo 0 - Greenville 1
BOTTOM OF THE 2ND
Greenville 84s batting - Pitching for Kalamazoo Royale with Cheese : RHP Eric Richards
Batting: LHB Kiyonaga Morita 0-0: Ball
1-0: Foul Ball, location: 2F
1-1: Ball
2-1: Swinging Strike
2-2: Ball
3-2: Base on Balls
Batting: LHB José Costa 0-0: Ball
1-0: Ball
2-0: Grounds out, U3 (Groundball, 3L)
Batting: RHB Vic Langlois 0-0: Ball
1-0: SINGLE (Line Drive, 7LS)
Kiyonaga Morita to third
Runner from 3rd tries for Home, SAFE, throw made home
Vic Langlois to second
Batting: LHB Mario Cornelo 0-0: Ground out 4-3 (Groundball, 4M)
Vic Langlois to third
Batting: RHB Carlos Torres 0-0: Ball
1-0: Called Strike
1-1: Ball
2-1: Foul Ball, location: 2F
2-2: TRIPLE (Line Drive, 89M)
Vic Langlois scores
Batting: LHB Chris Moore 0-0: Ball
1-0: Ball
2-0: Ball
3-0: Called Strike
3-1: Foul Ball, location: 2F
3-2: Ground out 4-3 (Groundball, 34)
Bottom of the 2nd over - 2 run(s), 2 hit(s), 0 error(s), 1 left on base; Kalamazoo 0 - Greenville 3
TOP OF THE 3RD
Kalamazoo Royale with Cheese batting - Pitching for Greenville 84s : RHP Hiroshige Yamada
Batting: RHB Andy Aiton 0-0: Ball
1-0: Fly out, F6 (Popup, 6D)
Batting: RHB Fernando Martínez 0-0: Called Strike
0-1: Swinging Strike
0-2: Ball
1-2: Ball
2-2: Strikes out swinging
Batting: LHB Robinson Fernández 0-0: Ball
1-0: SOLO HOME RUN (Flyball, 89XD), Distance : 392 ft
Batting: LHB William Ruffo 0-0: Ball
1-0: Ball
2-0: Ball
3-0: Called Strike
3-1: Foul Ball, location: 2F
3-2: Strikes out swinging
Top of the 3rd over - 1 run(s), 1 hit(s), 0 error(s), 0 left on base; Kalamazoo 1 - Greenville 3
BOTTOM OF THE 3RD
Greenville 84s batting - Pitching for Kalamazoo Royale with Cheese : RHP Eric Richards
Batting: RHB Enzo Díaz 0-0: SOLO HOME RUN (Flyball, 78XD), Distance : 387 ft
Batting: LHB Jimmy Vickers 0-0: Foul Ball, location: 2F
0-1: Foul Ball, location: 2F
0-2: SOLO HOME RUN (Flyball, 7D), Distance : 372 ft
Batting: LHB Paco Rosas 0-0: Ground out U3 (Groundball, 3)
Batting: LHB Kiyonaga Morita 0-0: Hit by Pitch
Batting: LHB José Costa 0-0: Ball
1-0: Ball
2-0: Called Strike
2-1: SINGLE (Line Drive, 8LS)
Kiyonaga Morita to second
Batting: RHB Vic Langlois 0-0: Ball
1-0: Called Strike
1-1: Ball
2-1: Ball
3-1: Foul Ball, location: 2F
3-2: Base on Balls
Kiyonaga Morita to third
José Costa to second
Batting: LHB Mario Cornelo 0-0: Ball
1-0: Foul Ball, location: 2F
1-1: Foul Ball, location: 2F
1-2: Ball
2-2: Ball
3-2: Foul Ball, location: 2F
3-2: Fly out, F2 (Popup, 2LF)
Batting: RHB Carlos Torres 0-0: Foul Ball, location: 2F
0-1: SINGLE (Line Drive, 8LS)
Kiyonaga Morita scores
José Costa to third
Vic Langlois to second
Runner from 3rd tries for Home, SAFE, no throw or cutoff
Batting: LHB Chris Moore 0-0: Called Strike
0-1: Ball
1-1: Called Strike
1-2: Ball
2-2: Ball
3-2: SINGLE (Groundball, 4MD)
Vic Langlois to third
Carlos Torres to second
Vic Langlois scores
Carlos Torres to third
Batting: RHB Enzo Díaz 0-0: Called Strike
0-1: Ball
1-1: Foul Ball, location: 2F
1-2: Ball
2-2: Foul Ball, location: 2F
2-2: Ball
3-2: Hit by Pitch
Chris Moore to second
Batting: LHB Jimmy Vickers 0-0: Ball
1-0: Foul Ball, location: 2F
1-1: Foul Ball, location: 2F
1-2: Ball
2-2: Ball
3-2: Ground out 4-3 (Groundball, 4)
Bottom of the 3rd over - 5 run(s), 5 hit(s), 0 error(s), 3 left on base; Kalamazoo 1 - Greenville 8
TOP OF THE 4TH
Kalamazoo Royale with Cheese batting - Pitching for Greenville 84s : RHP Hiroshige Yamada
Batting: LHB Seung-woo Yi 0-0: Ground out 4-3 (Groundball, 4)
Batting: RHB Run-ming Zhu 0-0: Called Strike
0-1: Ball
1-1: Foul Ball, location: 2F
1-2: Ball
2-2: Foul Ball, location: 2F
2-2: Strikes out swinging
Batting: RHB Miguel Encarnación 0-0: Ball
1-0: Called Strike
1-1: Called Strike
1-2: SINGLE (Groundball, 5)
Batting: RHB Arturo Rodríguez 0-0: Ball
1-0: Ball
2-0: Swinging Strike
2-1: DOUBLE (Line Drive, 78D)
Miguel Encarnación to third
Batting: RHB Jorge Márquez 0-0: Called Strike
0-1: SINGLE (Line Drive, 6MD)
Miguel Encarnación scores
Arturo Rodríguez to third
Runner from 3rd tries for Home, SAFE, no throw or cutoff
Batting: RHB Andy Aiton 0-0: Ball
Jorge Márquez steals 2nd base
1-0: Called Strike
1-1: Ball
2-1: Ball
Wild Pitch!
Jorge Márquez to third
3-1: Called Strike
3-2: Foul Ball, location: 2F
3-2: Fly out, F8 (Flyball, 8RD)
Top of the 4th over - 2 run(s), 3 hit(s), 0 error(s), 1 left on base; Kalamazoo 3 - Greenville 8
BOTTOM OF THE 4TH
Greenville 84s batting - Pitching for Kalamazoo Royale with Cheese : RHP Eric Richards
Pitching: RHP Michael Carr
Batting: LHB Paco Rosas 0-0: Fly out, F7 (Popup, 56D)
Batting: LHB Kiyonaga Morita 0-0: Ball
1-0: Called Strike
1-1: Ball
2-1: Fly out, F5 (Line Drive, 56)
Batting: LHB José Costa 0-0: Ball
1-0: Called Strike
1-1: Called Strike
1-2: Ball
2-2: Strikes out swinging
Bottom of the 4th over - 0 run(s), 0 hit(s), 0 error(s), 0 left on base; Kalamazoo 3 - Greenville 8
TOP OF THE 5TH
Kalamazoo Royale with Cheese batting - Pitching for Greenville 84s : RHP Hiroshige Yamada
Batting: RHB Fernando Martínez 0-0: Ball
1-0: Ground out 6-3 (Groundball, 6S)
Batting: LHB Robinson Fernández 0-0: Called Strike
0-1: Called Strike
0-2: SINGLE (Flyball, 8LS)
Batting: LHB William Ruffo 0-0: Ball
1-0: Called Strike
1-1: DOUBLE (Groundball, 3L)
Robinson Fernández to third
Batting: LHB Seung-woo Yi 0-0: Foul Ball, location: 2F
0-1: Swinging Strike
0-2: Strikes out swinging
Batting: RHB Run-ming Zhu 0-0: Foul Ball, location: 2F
0-1: Ball
1-1: Foul Ball, location: 2F
1-2: Strikes out swinging
Top of the 5th over - 0 run(s), 2 hit(s), 0 error(s), 2 left on base; Kalamazoo 3 - Greenville 8
BOTTOM OF THE 5TH
Greenville 84s batting - Pitching for Kalamazoo Royale with Cheese : RHP Michael Carr
Batting: RHB Vic Langlois 0-0: SINGLE (Line Drive, 8RS)
Batting: LHB Mario Cornelo 0-0: SINGLE (Flyball, 7LM)
Vic Langlois to second
Batting: RHB Carlos Torres 0-0: Called Strike
0-1: Foul Ball, location: 2F
0-2: Foul Ball, location: 2F
0-2: SINGLE (Line Drive, 56D)
Vic Langlois to third
Mario Cornelo to second
Batting: LHB Chris Moore 0-0: Ball
1-0: Called Strike
1-1: Foul Ball, location: 2F
1-2: Ball
2-2: Foul Ball, location: 2F
2-2: Ball
3-2: Fly out, F8 (Flyball, 78D)
Runner from 3rd tags up, SCORES, no throw
Batting: RHB Enzo Díaz 0-0: Called Strike
Mario Cornelo steals 3rd base
Carlos Torres to second
0-1: 3-RUN HOME RUN (Line Drive, 7LD), Distance : 344 ft
Batting: LHB Jimmy Vickers 0-0: Called Strike
0-1: Ball
1-1: Called Strike
1-2: Strikes out swinging
Batting: LHB Paco Rosas 0-0: Ball
1-0: Called Strike
1-1: Ground out 4-3 (Groundball, 4)
Bottom of the 5th over - 4 run(s), 4 hit(s), 0 error(s), 0 left on base; Kalamazoo 3 - Greenville 12
TOP OF THE 6TH
Kalamazoo Royale with Cheese batting - Pitching for Greenville 84s : RHP Hiroshige Yamada
Pitching: RHP Artie Downing
Batting: RHB Miguel Encarnación 0-0: Ball
1-0: Ball
2-0: Bunt for hit - play at first, batter safe!
Batting: RHB Arturo Rodríguez 0-0: Called Strike
0-1: Ball
1-1: Called Strike
1-2: Ball
2-2: Foul Ball, location: 2F
2-2: SINGLE (Groundball, 2L) (infield hit)
Miguel Encarnación to second
Batting: RHB Jorge Márquez 0-0: Ball
1-0: Called Strike
1-1: Ball
2-1: Foul Ball, location: 2F
2-2: Grounds into double play, U4-3 (Groundball, 4M)
Miguel Encarnación to third
Batting: RHB Andy Aiton 0-0: Called Strike
0-1: Swinging Strike
0-2: Strikes out swinging
Top of the 6th over - 0 run(s), 2 hit(s), 0 error(s), 1 left on base; Kalamazoo 3 - Greenville 12
BOTTOM OF THE 6TH
Greenville 84s batting - Pitching for Kalamazoo Royale with Cheese : RHP Michael Carr
Pitching: RHP Roberto Ledesma
Batting: LHB Kiyonaga Morita 0-0: Ball
1-0: Ball
2-0: Foul Ball, location: 2F
2-1: Ground out 2-3 (Groundball, 23)
Batting: LHB José Costa 0-0: Swinging Strike
0-1: Ground out 5-3 (Groundball, 56S)
Batting: RHB Vic Langlois 0-0: Ball
1-0: Foul Ball, location: 2F
1-1: Ground out 5-3 (Groundball, 5)
Bottom of the 6th over - 0 run(s), 0 hit(s), 0 error(s), 0 left on base; Kalamazoo 3 - Greenville 12
TOP OF THE 7TH
Kalamazoo Royale with Cheese batting - Pitching for Greenville 84s : RHP Artie Downing
Batting: RHB Fernando Martínez 0-0: Foul Ball, location: 2F
0-1: Ball
1-1: Called Strike
1-2: Foul Ball, location: 2F
1-2: Ball
2-2: Ball
3-2: Base on Balls
Batting: LHB Robinson Fernández 0-0: Ball
1-0: Fly out, F7 (Flyball, 7M)
Batting: LHB William Ruffo 0-0: Ball
1-0: Ball
2-0: Swinging Strike
2-1: Foul Ball, location: 2F
2-2: DOUBLE (Flyball, 8RXD)
Fernando Martínez to third
Runner from 3rd tries for Home, SAFE, no throw or cutoff
Batting: LHB Seung-woo Yi 0-0: Swinging Strike
0-1: Ball
1-1: Foul Ball, location: 2F
1-2: Foul Ball, location: 2F
1-2: Strikes out swinging
Batting: RHB Run-ming Zhu 0-0: Ball
1-0: Ball
2-0: Foul Ball, location: 2F
2-1: Ground out 6-3 (Groundball, 6S)
Top of the 7th over - 1 run(s), 1 hit(s), 0 error(s), 1 left on base; Kalamazoo 4 - Greenville 12
BOTTOM OF THE 7TH
Greenville 84s batting - Pitching for Kalamazoo Royale with Cheese : RHP Roberto Ledesma
Batting: LHB Mario Cornelo 0-0: Ball
1-0: Foul Ball, location: 2F
1-1: Ground out 6-3 (Groundball, 6)
Batting: RHB Carlos Torres 0-0: Ball
1-0: Called Strike
1-1: Foul Ball, location: 2F
1-2: Foul Ball, location: 2F
1-2: Ball
2-2: Fly out, F8 (Flyball, 8LS)
Batting: LHB Chris Moore 0-0: Called Strike
0-1: Swinging Strike
0-2: Ground out U3 (Groundball, 3)
Bottom of the 7th over - 0 run(s), 0 hit(s), 0 error(s), 0 left on base; Kalamazoo 4 - Greenville 12
TOP OF THE 8TH
Kalamazoo Royale with Cheese batting - Pitching for Greenville 84s : RHP Artie Downing
Pitching: RHP Dave Smith
Pinch Hitting: RHB Juan Mendoza 0-0: Swinging Strike
0-1: Ball
1-1: Fly out, F9 (Flyball, 89S)
Batting: RHB Arturo Rodríguez 0-0: Called Strike
0-1: Foul Ball, location: 2F
0-2: Ball
1-2: Foul Ball, location: 2F
1-2: Foul Ball, location: 2F
1-2: Foul Ball, location: 2F
1-2: Fly out, F8 (Flyball, 8LS)
Batting: RHB Jorge Márquez 0-0: Called Strike
0-1: Swinging Strike
0-2: Strikes out swinging
Top of the 8th over - 0 run(s), 0 hit(s), 0 error(s), 0 left on base; Kalamazoo 4 - Greenville 12
BOTTOM OF THE 8TH
Greenville 84s batting - Pitching for Kalamazoo Royale with Cheese : RHP Roberto Ledesma
Pitching: LHP Morgan McDormand
Now at 3B: Jonathan MacVey
Batting: RHB Enzo Díaz 0-0: Ball
1-0: Foul Ball, location: 2F
1-1: Ball
2-1: Ball
3-1: Base on Balls
Batting: LHB Jimmy Vickers 0-0: Called Strike
0-1: Ball
1-1: SINGLE (Line Drive, 89S)
Enzo Díaz to second
Batting: LHB Paco Rosas 0-0: Ball
1-0: Called Strike
1-1: Foul Ball, location: 2F
1-2: Ball
2-2: Foul Ball, location: 2F
2-2: Ball
3-2: Ground out 3-1 (Groundball, 34)
Enzo Díaz to third
Jimmy Vickers to second
Batting: LHB Kiyonaga Morita 0-0: Swinging Strike
0-1: Ball
1-1: Ball
2-1: Ground out 6-3 (Groundball, 6M)
Enzo Díaz scores
Jimmy Vickers to third
Batting: LHB José Costa 0-0: Ball
1-0: Ground out 5-3 (Groundball, 5L)
Bottom of the 8th over - 1 run(s), 1 hit(s), 0 error(s), 1 left on base; Kalamazoo 4 - Greenville 13
TOP OF THE 9TH
Kalamazoo Royale with Cheese batting - Pitching for Greenville 84s : RHP Dave Smith
Batting: RHB Andy Aiton 0-0: Ball
1-0: Ball
2-0: Called Strike
2-1: Foul Ball, location: 2F
2-2: Strikes out swinging
Batting: RHB Fernando Martínez 0-0: Ball
1-0: Called Strike
1-1: Ball
2-1: Foul Ball, location: 2F
2-2: Strikes out swinging
Batting: LHB Robinson Fernández 0-0: Ball
1-0: Called Strike
1-1: Foul Ball, location: 2F
1-2: Foul Ball, location: 2F
1-2: Fly out, F5 (Popup, 5F)
Top of the 9th over - 0 run(s), 0 hit(s), 0 error(s), 0 left on base; Kalamazoo 4 - Greenville 13
Monday, December 5th, 2016 - OOTP Baseball 17.12 Build 75